 Dungeon Crawl Stone Soup version 0.28.0 (webtiles) character file.

Game seed: 14395674755023439792

1209 ProzacElf the Slasher (level 8, -17/58 HPs)
             Began as a Demonspawn Monk on Feb 8, 2022.
             Was an Initiate of Uskayaw.
             Demolished by a two-headed ogre (30 damage)
             ... on level 6 of the Dungeon on Feb 9, 2022.
             The game lasted 00:14:58 (6662 turns).

ProzacElf the Slasher (Demonspawn Monk)             Turns: 6662, Time: 00:14:59

Health: -17/58     AC: 12    Str: 15    XL:     8   Next: 22%
Magic:  8/11       EV: 11    Int: 11    God:    Uskayaw [......]
Gold:   139        SH:  0    Dex: 15    Spells: 7/7 levels left

rFire   . . .      SeeInvis .   b - +1 dagger (venom)
rCold   + . .      Faith    .   (no shield)
rNeg    . . .      Spirit   .   l - +2 scale mail {rC+}
rPois   .          Reflect  .   (helmet restricted)
rElec   .          Harm     .   p - +2 cloak
rCorr   .          Rampage  .   (no gloves)
Will    .....                   (no boots)
Stlth   +.........              v - amulet of regeneration
HPRegen 0.99/turn               (no ring)
MPRegen 0.24/turn               (no ring)

@: no status effects
A: antennae 1, demonic guardian 1, magic regeneration
a: Renounce Religion


You were on level 6 of the Dungeon.
You worshipped Uskayaw.
Uskayaw was noncommittal.
You visited 1 branch of the dungeon, and saw 6 of its levels.

You collected 139 gold pieces.

Inventory:

Hand Weapons
 a - a +1 dagger of draining
 b - a +1 dagger of venom (weapon)
 h - a +0 falchion
 m - a +0 hunting sling
 x - a +0 quarterstaff
Missiles
 c - 7 stones
 d - 6 poisoned darts (quivered)
 e - 61 sling bullets
 f - 10 boomerangs
 j - 75 arrows
 B - 6 datura-tipped darts
Armour
 g - a +0 robe
 l - a +2 scale mail of cold resistance (worn)
 o - a +0 leather armour
 p - a +2 cloak (worn)
Jewellery
 v - an amulet of regeneration (around neck)
Wands
 i - a wand of paralysis (1)
 n - a wand of flame (15)
 A - a wand of acid (1)
Scrolls
 k - a scroll of enchant armour {unknown}
 r - a scroll of teleportation {unknown}
 t - a scroll of immolation {unknown}
 u - 2 scrolls of noise
 w - a scroll of enchant weapon {unknown}
 y - a scroll of fear {unknown}
 C - a scroll of blinking {unknown}
Potions
 q - a potion of brilliance
 s - a potion of might
 z - 2 potions of curing


   Skills:
 - Level 3.0 Fighting
 - Level 6.0 Long Blades
 + Level 4.2 Armour
 - Level 5.0 Dodging
 - Level 1.7 Stealth
 + Level 5.2 Invocations


You had 7 spell levels left.
You didn't know any spells.
Your spell library contained the following spells:

 Spells                   Type           Power      Damage    Failure   Level
 Magic Dart               Conj           0%         1d3       78%         1
 Searing Ray              Conj           0%         2d4       89%         2
 Dazzling Flash           Conj/Hex       0%         N/A       98%         3
 Airstrike                Air            0%         N/A       100%        4
 Cause Fear               Hex            0%         N/A       100%        4
 Fulminant Prism          Conj/Hex       0%         3d6       100%        4
 Iskenderun's Mystic Bla  Conj/Tloc      0%         2d3       100%        4
 Summon Lightning Spire   Summ/Air       0%         N/A       100%        4
 Lightning Bolt           Conj/Air       0%         1d11      100%        5
 Starburst                Conj/Fire      0%         6d3       100%        6
 Dragon Form              Tmut           0%         N/A       100%        7
 Dragon's Call            Summ           0%         N/A       100%        9


Dungeon Overview and Level Annotations

Branches:
Dungeon (6/15)
 Temple: D:4-7

Altars:
Dithmenos
Hepliaklqana
Uskayaw

Shops:
D:3 [   D:6 (


Innate Abilities, Weirdness & Mutations

You have a pair of small antennae on your head.
A weak demonic guardian rushes to your aid.
You regenerate magic rapidly.


Message History

Ye can now pass through a line o' othar dancers.
Ye hit tha two-headed ogre.
Tha two-headed ogre be moderately wounded.
Tha two-headed ogre hits ye wit' a +0 giant spiked club!
* * * LOW HITPOINT WARNIN'
* * * Tha two-headed ogre hits ye wit' a +0 giant club.
* * * LOW HITPOINT WARNIN'
* * * Ye take 16 damage, an' haf 7/58 hp.
MASSIVE DAMAGE!!
Tha two-headed ogre be nay longer cov'red in acid.
Ye can nay longer pass through a line o' othar dancers.
Tha two-headed ogre looks more healthy.
Ye hit tha two-headed ogre.
Tha two-headed ogre be poison'd.
Tha two-headed ogre be heavily wounded.
Tha two-headed ogre barely misses ye. x2
Okay, than.
Okay, than.
As ye read tha scroll labelled KURRED QIUVA, it crumbles ta dust.
Ye hear a loud clangin' noise!
It was a scroll o' noise.
Tha two-headed ogre closely misses ye.
Tha two-headed ogre hits ye wit' a +0 giant club!
* * * LOW HITPOINT WARNIN'
* * * Tha orc barely misses ye.
Ye take 10 damage, an' haf 17/58 hp.
It was a potion o' curin'.
Ye feel better.
Tha orc barely misses ye.
Tha two-headed ogre hits ye wit' a +0 giant spiked club!
* * * LOW HITPOINT WARNIN'
* * * A demonic guardian appears!
Tha two-headed ogre barely misses ye.
Ye take 6 damage, an' haf 11/58 hp.
Ye hit tha two-headed ogre but do nay damage.
Tha two-headed ogre looks as sick as possible!
Tha two-headed ogre be severely wounded.
Yer quasit barely misses tha orc warrior.
Yer quasit claws tha orc warrior but does nay damage. x2
Tha orc barely misses ye.
Ye stomp wit tha beat, sendin' a shockwave through tha revellers around ye!
Tha two-headed ogre be almost dead.
Tha orc be almost dead.
Ye can nay longer stomp wit tha beat.
Tha two-headed ogre hits ye wit' a +0 giant spiked club!!
Ouch! Tha re'lly hurt!
Ye die...

#.#.#.#.#.#.#
#.#.#...#.#.#
#.#.#.....#.#
#.#.#.#...#.##
#.#.#.#......#
#.#...#.#.####
#..o###o#.#<.#
###o# #o#.#.##
####.#
#@#.{..#
#..o.#
#O###.##
#o#### #o5.o.#
#)# #####.#
#)# #.#
♣..o'.oo# #.#
....#...# #.#
∩♣ #...# #.#
#...# #.#


You could see a two-headed ogre (extremely poisoned), an orc warrior (ally
target), 2 orcs and a friendly quasit (summoned).

Vanquished Creatures
  Eustachio (D:5)
  A water moccasin (D:5)
  A black bear (D:4)
  A bullfrog zombie (D:5)
  A hound (D:5)
  A bullfrog skeleton (D:6)
  4 orc priests
  2 iguanas
  A centaur skeleton (D:5)
  Ijyb (D:3)
  3 orc wizards
  A hound skeleton (D:4)
  A howler monkey skeleton (D:4)
  7 adders
  A white imp (D:4)
  An ufetubus (D:4)
  2 dart slugs
  15 orcs
  12 endoplasms
  6 giant cockroaches
  4 goblins
  5 hobgoblins
  4 jackals (D:1)
  8 kobolds
  A quokka (D:1)
  4 ball pythons
  6 bats
  2 frilled lizards
  2 rats
99 creatures vanquished.

Vanquished Creatures (collateral kills)
  Sigmund (D:3)
  Menkaure (D:5)
  2 worms
  An orc (D:3)
5 creatures vanquished.

Vanquished Creatures (others)
  An orc wizard (D:4)
  12 plants
13 creatures vanquished.

Grand Total: 117 creatures vanquished

Notes
Turn   | Place    | Note
-------+----------+-------------------------------------------
     0 | D:1      | ProzacElf the Demonspawn Monk began the quest for the Orb.
     0 | D:1      | Reached XP level 1. HP: 18/18 MP: 1/1
   475 | D:1      | Reached skill level 3 in Long Blades
   476 | D:1      | Gained mutation: A weak demonic guardian rushes to your
                  | aid. [demonic ancestry]
   476 | D:1      | Reached XP level 2. HP: 17/24 MP: 2/2
  1378 | D:2      | Gained mutation: You have a pair of small antennae on your
                  | head. [demonic ancestry]
  1378 | D:2      | Reached XP level 3. HP: 29/29 MP: 3/3
  2543 | D:3      | Reached XP level 4. HP: 10/35 MP: 4/4
  3244 | D:3      | Reached skill level 4 in Long Blades
  3394 | D:3      | Reached XP level 5. HP: 41/41 MP: 5/5
  3531 | D:3      | Noticed Ijyb
  3534 | D:3      | Paralysed by Ijyb for 7 turns
  3549 | D:3      | Paralysed by Ijyb for 3 turns
  3553 | D:3      | Killed Ijyb
  4037 | D:3      | Noticed Sigmund
  4068 | D:3      | Killed Sigmund
  4069 | D:3      | Reached skill level 5 in Long Blades
  4069 | D:3      | Reached skill level 5 in Dodging
  4069 | D:3      | Gained mutation: You regenerate magic rapidly. [demonic
                  | ancestry]
  4069 | D:3      | Reached XP level 6. HP: 38/47 MP: 6/6
  4199 | D:3      | Found Losumu's Antique Armour Shop.
  4842 | D:4      | Reached skill level 1 in Armour
  4948 | D:4      | Reached XP level 7. HP: 52/52 MP: 7/7
  5255 | D:4      | Reached skill level 6 in Long Blades
  5390 | D:5      | Entered Level 5 of the Dungeon
  5432 | D:5      | Found a hide-covered altar of Uskayaw.
  5439 | D:5      | Noticed a +0 hand axe
  5440 | D:5      | Noticed a +0 dagger
  5444 | D:5      | Became a worshipper of Uskayaw the Reveller
  5444 | D:5      | Reached * piety under Uskayaw
  5482 | D:5      | Noticed Menkaure
  5491 | D:5      | Killed Menkaure
  5541 | D:5      | Reached ** piety under Uskayaw
  5737 | D:5      | Noticed Eustachio
  5762 | D:5      | Killed Eustachio
  5897 | D:5      | Reached XP level 8. HP: 46/58 MP: 9/11
  6045 | D:5      | Found a hazy altar of Hepliaklqana.
  6046 | D:5      | Found a shadowy altar of Dithmenos.
  6384 | D:5      | Reached skill level 5 in Invocations
  6610 | D:6      | Found Vemevog's Antique Weapon Shop.
  6619 | D:6      | Noticed a two-headed ogre
  6662 | D:6      | Demolished by a two-headed ogre

Illustrated notes

Levels and vault maps discovered:
D:1:      moated_graveyard_arrival, layout_basic
D:2:      layout_basic, serial_bayou, serial_bayou_pond_d, serial_bayou_shore_b,
          serial_bayou_crossing, serial_bayou_pond_d, st_stairs_6
D:3:      layout_loops_cross, serial_shops, shop, serial_bayou_pond_a,
          uniq_ijyb, uniq_sigmund
D:4:      black_bear_nest_1, layout_loops_ring, roderic_roman_lattice
D:5:      layout_loops_corners, riverfiend_overflow_shadow_ancestor,
          dancing_weapons_uskayaw, uniq_menkaure, uniq_eustachio
D:6:      layout_basic, minmay_temple_entry_drinking_statues, serial_shops,
          nicolae_shop_trees

Skill      XL: |  1  2  3  4  5  6  7  8 |
---------------+-------------------------+-----
Long Blades    | 3 4 5 6 |  6.0
Dodging        | 3 4 5 |  5.0
Armour         | 1 3 4 |  4.2
Invocations    | 4 5 |  5.2
Fighting       | |  3.0
Stealth        | |  1.7

Action                   |  1- 3 |  4- 6 |  7- 9 || total
-------------------------+-------+-------+-------++-------
Melee: Falchion          |    91 |       |       ||    91
       Punch             |     2 |     2 |     3 ||     7
       Dagger            |    44 |   165 |   197 ||   406
 Fire: Hunting sling     |     5 |       |       ||     5
Invok: Stomp             |       |       |     1 ||     1
Evoke: Wand              |       |       |     1 ||     1
  Use: Potion            |       |     3 |     1 ||     4
       Scroll            |       |       |     1 ||     1
 Stab: Sleeping          |     6 |     2 |       ||     8
Armor: Robe              |    25 |       |       ||    25
       Leather armour    |       |    13 |       ||    13
       Scale mail        |       |    38 |    79 ||   117
Dodge: Dodged            |    90 |    89 |   122 ||   301
